 Dungeon Crawl Stone Soup version 0.19.1-1-g22dce08 (webtiles) character file.

313 galech the Skirmisher (level 6, -2/67 HPs)
             Began as an Ogre Fighter on Jan 19, 2017.
             Slain by an adder (4 damage)
             ... on level 3 of the Dungeon.
             The game lasted 00:09:36 (4862 turns).

galech the Skirmisher (Ogre Fighter)                Turns: 4862, Time: 00:09:37

Health: -2/67      AC:  4    Str: 24    XL:     6   Next: 43%
Magic:  6/6        EV: 11    Int: 10    God:
Gold:   99         SH:  0    Dex:  9    Spells: 0 memorised, 5 levels left

rFire  + . .     SeeInvis .     t - +0 giant spiked club
rCold  . . .     Gourm    .     b - +1 robe
rNeg   . . .     Faith    .     (shield currently unavailable)
rPois  .         Spirit   .     (helmet restricted)
rElec  .         Reflect  .     (no cloak)
rCorr  .         Harm     .     (gloves unavailable)
MR     .....                    (boots unavailable)
Stlth  +.........               e - amulet of inaccuracy (curse)
                                m - +3 ring of intelligence
                                i - ring of protection from fire

@: lethally poisoned (-2 -> -9)
A: unfitting armour, tough skin 1
a: no special abilities


You were on level 3 of the Dungeon.
You were not hungry.

You visited 1 branch of the dungeon, and saw 4 of its levels.

You collected 99 gold pieces.

Inventory:

Hand Weapons
 a - a +1 flail
 t - a +0 giant spiked club (weapon)
Armour
 b - a +1 robe (worn)
 q - a +0 large shield
Jewellery
 e - a cursed amulet of inaccuracy (around neck)
 i - a ring of protection from fire (left hand)
 m - a +3 ring of intelligence (right hand)
Wands
 o - a wand of flame (16/48)
 s - a wand of acid (5/15)
Scrolls
 j - a scroll of magic mapping
 p - a scroll of enchant armour
Potions
 d - 2 potions of might
 g - a potion of ambrosia {unknown}
 h - 6 potions of curing
 n - a potion of lignification
Comestibles
 f - 3 bread rations
 k - 2 fruits
 l - 2 meat rations


   Skills:
 + Level 6.2 Fighting
 + Level 5.2 Maces & Flails
 + Level 4.3 Dodging
 - Level 2.6 Shields


You had 5 spell levels left.
You didn't know any spells.

Dungeon Overview and Level Annotations

Branches:
Dungeon (4/15)
 Temple: D:4-7

Altars:
Ashenzari
Nemelex Xobeh
Uskayaw

Shops:
D:4 :


Innate Abilities, Weirdness & Mutations

You are too large for most types of armour.
You have tough skin. (AC +1)


Message History

The adder poisons you!
You barely miss the adder.
You feel sick. The adder bites you.
* * * LOW HITPOINT WARNING * * *
The adder completely misses you.
You closely miss the adder.
You feel sick. The adder barely misses you. The adder closely misses you.
You closely miss the adder.
You feel sick. The adder bites you but does no damage. The adder bites you.
* * * LOW HITPOINT WARNING * * *
You closely miss the adder.
You feel sick. The adder bites you but does no damage. The adder bites you.
* * * LOW HITPOINT WARNING * * *
You are lethally poisoned!
The adder poisons you!
You miss the adder.
* * * LOW HITPOINT WARNING * * *
You feel sick. The adder bites you.
* * * LOW HITPOINT WARNING * * *
The adder bites you.
You die...

...##.# #####..#.#......#####.#.#
.####.###.(......#.######.....#.#
.# #..........#.#.# #.#####.# ##
#..............# #.#.....#
#.........#..########.#.#####
#.......................# #
###.##########.##########.# #
###...### #.# #.# # ...)....# #@#
#.# # ........########S# #.# #
...............#.# #.#####
...............### #......
..#............# #######
..##.(.........# ..##...........#
..##...........# ..##...........#


You could see an adder.

Vanquished Creatures
  An ogre (D:4)
  A hound (D:4)
  An iguana (D:3)
  Ijyb (D:3)
  A worker ant (D:4)
  3 adders
  2 oozes
  3 worms (D:2)
  2 dart slugs
  2 leopard geckos
  11 bats
  2 giant cockroaches
  13 goblins
  11 hobgoblins
  3 jackals (D:2)
  A ball python (D:2)
  5 frilled lizards
  6 kobolds
  13 rats
82 creatures vanquished.

Notes
Turn   | Place    | Note
-------+----------+-------------------------------------------
     0 | D:1      | galech the Ogre Fighter began the quest for the Orb.
     0 | D:1      | Reached XP level 1. HP: 24/24 MP: 1/1
   472 | D:1      | Reached XP level 2. HP: 28/32 MP: 2/2
  1044 | D:1      | Reached XP level 3. HP: 22/40 MP: 3/3
  2241 | D:2      | Reached XP level 4. HP: 41/49 MP: 4/4
  2361 | D:2      | Reached skill level 5 in Fighting
  3506 | D:3      | Noticed Ijyb
  3529 | D:3      | Killed Ijyb
  3529 | D:3      | Reached XP level 5. HP: 24/57 MP: 5/5
  3758 | D:3      | Found a shattered altar of Ashenzari.
  4043 | D:3      | Found a hide-covered altar of Uskayaw.
  4044 | D:3      | Found a sparkling altar of Nemelex Xobeh.
  4457 | D:4      | Reached XP level 6. HP: 52/67 MP: 6/6
  4558 | D:4      | Found Kyimyaru's Book Boutique.
  4587 | D:4      | Reached skill level 6 in Fighting
  4587 | D:4      | Reached skill level 5 in Maces & Flails
  4862 | D:3      | HP: 3/67 [poisoned by an adder]
  4862 | D:3      | Slain by an adder

Skill      XL: |  1  2  3  4  5  6 |
---------------+-------------------+-----
Dodging        | 3 4 |  4.3
Maces & Flails | 3 4 5 |  5.2
Fighting       | 5 6 |  6.2
Shields        | |  2.6

Action                   |  1- 3 |  4- 6 || total
-------------------------+-------+-------++-------
Melee: Flail             |   266 |   273 ||   539
       Giant spiked club |       |    22 ||    22
  Use: Scroll            |     4 |     5 ||     9
       Potion            |       |     2 ||     2
  Eat: Chunk             |     4 |    10 ||    14
Armor: Robe              |   134 |    82 ||   216
Dodge: Dodged            |   131 |   140 ||   271
Block: Shield            |   173 |   123 ||   296
       Large shield      |       |    40 ||    40
